cohdb
Replays
Latest Replays
All Replays
Popular Replays
Top Player Replays
Match Explorer
How It Works
Community
CoH3 Stats
Reddit
Sign in to upload your games and track your stats! →
Sign in with Steam
Match 29241913
Unlisted
Match 29241913
Overview
Messages
Build Orders
End
Construct Barracks
Selects Advanced Infantry Battlegroup
Riflemen Squad
Riflemen Squad
Riflemen Squad
Construct Weapon Support Center
Construct Medical Station
Selects Convert to Ranger Squad
Infantry Support Center
M1919 Machine Gun Team
Construct Motor Pool
M1 Anti-tank Gun Team
M8 Greyhound Armored Car
Selects Designate Assault Position
M8 Greyhound Armored Car
Scout Squad
Selects Infantry Assault
Infantry Assault
M8 Greyhound Armored Car
Advanced Logistics
Engineer Squad
M1 Anti-tank Gun Team
Infantry Assault
Captain Retinue
Riflemen Squad
Infantry Assault
M8 Greyhound Armored Car
桂妮薇尔
赵天天001
HulkSMASH
Ruby
0
0
Comments
sign in to comment!
No comments posted yet!